[Event "Early-Titled-Tuesday-Blitz-February-27-2024"]
[Site "Chess.com"]
[Date "2024.02.27"]
[Round "4"]
[White "KuzubovYuriy"]
[Black "jk13"]
[Result "1-0"]
[WhiteElo "2961"]
[BlackElo "2698"]
[TimeControl "180+1"]
[EndTime "8:38:15 PST"]
[Termination "KuzubovYuriy won by resignation"]

1. d4 Nf6 2. Nf3 e6 3. c4 Bb4+ 4. Bd2 Bxd2+ 5. Qxd2 O-O 6. Nc3 d5 7. e3 Qe7 8. Be2 dxc4 9. Bxc4 Rd8 10. O-O c5 11. Qe2 Nc6 12. dxc5 Qxc5 13. Rac1 Bd7 14. Nb5 Qe7 15. Bd3 Nb4 16. Bb1 a6 17. Nc3 Rac8 18. h3 h6 19. Rfd1 Be8 20. Nd4 Nbd5 21. Nxd5 Nxd5 22.
Be4 Nf6 23. Bf3 g6 24. g3 e5 25. Nb3 e4 26. Bg2 Bb5 27. Qe1 Bd3 28. Rxc8 Rxc8 29. Rc1 Rc7 30. Nd4 Kg7 31. Rc3 Rc5 32. Qc1 b6 33. b4 Rxc3 34. Qxc3 h5 35. a3 Kh7 36.
Qc6 a5 37. Qxb6 axb4 38. Qxb4 Qc7 39. Qb2 Qa5 40. Qc1 Nd5 41. h4 Nc3 42. Kh2 Na2 43. Qb2 Nc3 44. Qb7 Kg8 45. Qc8+ Kg7 46. Nb3 Qe5 47. Qc5 Qf6 48. Qd4 Na4 49. Kg1 Qxd4 50. Nxd4 Kf6 51. Bh3 Ke5 52. Bd7 Nc5 53. Be8 Kf6 54. a4 Ke7 55. Bc6 Kd6 56. a5 Kc7 57.
Be8 Nb7 58. Bxf7 Nxa5 59. Bxg6 Kd6 60. Bxh5 1-0

[Event "Early-Titled-Tuesday-Blitz-February-27-2024"]
[Site "Chess.com"]
[Date "2024.02.27"]
[Round "4"]
[White "Chopper1905"]
[Black "GaiozNigalidze"]
[Result "0-1"]
[WhiteElo "2920"]
[BlackElo "2659"]
[TimeControl "180+1"]
[EndTime "8:38:15 PST"]
[Termination "GaiozNigalidze won on time"]

1. d4 Nf6 2. c4 c5 3. d5 b5 4. cxb5 a6 5. bxa6 e6 6. Nc3 exd5 7.
Nxd5 Be7 8. Nxe7 Qxe7 9. Bf4 d5 10. e3 O-O 11. Nf3 Nc6 12. Bb5 Rxa6 13. O-O Rb6 14. Bxc6 Rxc6 15. Rc1 Ba6 16. Re1 Rd8 17. Qa4 Qb7 18.
Qa5 Rdc8 19. Ne5 R6c7 20. h3 c4 21. Nd3 Rc6 22. Nb4 Rb6 23. Nxa6 Rxa6 24. Qc3 Rxa2 25.
Be5 Ne4 26. Qd4 f6 27. Bf4 Rxb2 28. f3 Rd2 29. Qa1 Nc5 30. Qa3 Nd3 31. Rb1 Qf7 32. Rf1 Qg6 33. g4 Nxf4 34. exf4 Qc2 0-1

[Event "Early-Titled-Tuesday-Blitz-February-27-2024"]
[Site "Chess.com"]
[Date "2024.02.27"]
[Round "4"]
[White "falzehope0"]
[Black "DeArron_Fox"]
[Result "0-1"]
[WhiteElo "2346"]
[BlackElo "2526"]
[TimeControl "180+1"]
[EndTime "8:38:15 PST"]
[Termination "DeArron_Fox won by resignation"]

1. d4 d5 2. e3 Nf6 3. Bd3 c5 4. c3 Nc6 5. f4 g6 6. Nf3 Bg7 7. O-O O-O 8. Nbd2 Bf5 9. Bxf5 gxf5 10. b3 Ne4 11. Nxe4 fxe4 12. Ne5 Nxe5 13. fxe5 f6 14. e6 Qe8 15. Ba3 cxd4 16. Qxd4 Qc6 17. Rf5 Qxe6 18. Qxd5 Qxd5 19. Rxd5 Rfd8 20. Rxd8+ Rxd8 21. Bxe7 Rd3 22. c4 Rxe3 23. Bc5 Re2 24. Bxa7 f5 25. Rc1 Rxa2 26. Bf2 Rb2 27. c5 Rxb3 28. Bg3 Bd4+ 29. Kf1 Rc3 30. Rb1 Rxc5 31. Rxb7 Rc1+ 32. Ke2 Rc2+ 33.
Kf1 Rc1+ 34. Ke2 Rg1 35. Rd7 Rxg2+ 36. Kf1 Rd2 37. Be5 Be3 38. Rb7 Rd1+ 39. Ke2 Rd5 40. Bb2 Bd4 41. Ba3 Rd8 42. Rb1 Re8 43. Rd1 Be5 44. Rd7 Rb8 45. Bc1 Bf6 46. h3 Ra8 47. Bh6 Ra2+ 48. Ke3 Ra3+ 49. Kf4 e3 50. Kxf5 e2 51.
Kxf6 Ra6+ 52. Kg5 e1=Q 53. Rd8+ Kf7 54. Rf8+ Ke7 55. Rf4 Ra5+ 56. Kg4 Qg1+ 57. Kh4 Qe1+ 58. Kg4 Ra4 59. Kf5 Rxf4+ 60. Bxf4 Qd1 61. Kg5 Kf7 62. Kf5 Qd5+ 63. Kg4 Qe6+ 64. Kf3 Qf5 65. Kg3 Ke6 66. Kf3 Kd5 67. Ke3 Qxh3+ 68. Bg3 h5 69. Kf2 Qg4 70. Bh2 h4 71. Bb8 h3 72. Kf1 Qg2+ 73. Ke1 Kc4 74. Kd1 Kd3 75. Ke1 Qc2 76. Kf1 Qg2+ 0-1

[Event "Early-Titled-Tuesday-Blitz-February-27-2024"]
[Site "Chess.com"]
[Date "2024.02.27"]
[Round "4"]
[White "Larina_Maria"]
[Black "tarno17"]
[Result "1-0"]
[WhiteElo "2312"]
[BlackElo "2145"]
[TimeControl "180+1"]
[EndTime "8:38:15 PST"]
[Termination "Larina_Maria won on time"]

1. e4 c5 2. Nc3 e6 3. Nf3 a6 4. d4 cxd4 5. Nxd4 Qc7 6. g3 b5 7. Bg2 Bb7 8. O-O Nc6 9. Re1 d6 10. Nxc6 Bxc6 11. Nd5 Qb7 12. Bf4 Rd8 13. Nb4 e5 14. Bg5 Be7 15. Bxe7 Nxe7 16. Nxc6 Nxc6 17. Qd5 O-O 18. c3 Qb6 19. a4 b4 20. a5 Qc7 21.
Rec1 Ne7 22. Qd3 b3 23. c4 Rb8 24. Rc3 Nc6 25. Rxb3 Rxb3 26. Qxb3 Nxa5 27. Qc3 Nc6 28. Rxa6 Nd4 29. Kf1 Rc8 30. b3 Qb7 31. Ra3 Rb8 32.
b4 h6 33. b5 Qc7 34. Ra4 Rxb5 35. Bh3 Rb1+ 36. Kg2 Kh7 37. Bf5+ g6 38. Bg4 Qc6 39. Bf3 Qxa4 40. c5 Nxf3 41. Qxf3 1-0

[Event "Early-Titled-Tuesday-Blitz-February-27-2024"]
[Site "Chess.com"]
[Date "2024.02.27"]
[Round "4"]
[White "CM_rui"]
[Black "Chessmissile07"]
[Result "0-1"]
[WhiteElo "2605"]
[BlackElo "2895"]
[TimeControl "180+1"]
[EndTime "8:38:16 PST"]
[Termination "Chessmissile07 won by checkmate"]

1. e4 a6 2. d4 d5 3. exd5 Qxd5 4. Nc3 Qd6 5. Nf3 Nf6 6. Bc4 Bg4 7. O-O Nc6 8. d5 Bxf3 9. Qxf3 Ne5 10. Qe2 Nxc4 11. Qxc4 c6 12. dxc6 Qxc6 13. Qb3 e6 14. Bf4 Be7 15. Rad1 O-O 16. Rd3 Rfd8 17. Rfd1 Rxd3 18.
Rxd3 Rc8 19. h3 b5 20. a3 h6 21. Kh2 Nh5 22. Be5 Qc5 23. f4 Bf6 24. Ne4 Qxc2 25. Nxf6+ gxf6 26. Bd6 Qxb3 27. Rxb3 Rd8 28. Be7 Rd7 29. Bb4 Nxf4 30. Rg3+ Ng6 31. Bc3 e5 32. Rf3 Kg7 33. Kg3 Nf4 34. Rf2 Rd3+ 35. Kg4 Kg6 36. g3 Nh5 37. h4 Rxg3# 0-1

[Event "Early-Titled-Tuesday-Blitz-February-27-2024"]
[Site "Chess.com"]
[Date "2024.02.27"]
[Round "4"]
[White "Kristof_08"]
[Black "BrandonJiang123456"]
[Result "1-0"]
[WhiteElo "2439"]
[BlackElo "2202"]
[TimeControl "180+1"]
[EndTime "8:38:16 PST"]
[Termination "Kristof_08 won by resignation"]

1. Nf3 f5 2. g3 Nf6 3. Bg2 d6 4. d4 g6 5. b3 Bg7 6. Bb2 O-O 7. O-O c6 8. c4 Na6 9. Nbd2 Qe8 10. Qc2 Nb4 11.
Qb1 Nh5 12. a3 Na6 13. e4 f4 14. e5 Bf5 15. Qd1 h6 16. Nh4 dxe5 17. dxe5 Bd3 18.
Re1 g5 19. Bf3 gxh4 20. Bxh5 Bg6 21. Bg4 fxg3 22. hxg3 hxg3 23. fxg3 Nc5 24. Bd4 Nd3 25. Re3 Rd8 26. Nf3 c5 27. Be6+ Kh8 28. Rxd3 Bxd3 29. Qxd3 cxd4 30. Nh4 Bxe5 31. Ng6+ Kg7 32. Nxe5 Qh5 33.
Re1 Rf6 34. Bg4 Qg5 35. Re4 Rdf8 36. Qe2 Qc1+ 37. Kg2 Rf1 38. Nf3 Rd1 39. Rxe7+ Kg8 40. Qe6+ Kh8 41. Qe5+ 1-0

[Event "Early-Titled-Tuesday-Blitz-February-27-2024"]
[Site "Chess.com"]
[Date "2024.02.27"]
[Round "4"]
[White "Shuvalov"]
[Black "BeardedNM"]
[Result "1-0"]
[WhiteElo "2488"]
[BlackElo "2226"]
[TimeControl "180+1"]
[EndTime "8:38:17 PST"]
[Termination "Shuvalov won by resignation"]

1. d4 e6 2. e4 d5 3. Nc3 Bb4 4.
e5 c5 5. a3 Bxc3+ 6. bxc3 Ne7 7.
Qg4 Qc7 8. Qxg7 Rg8 9. Qxh7 cxd4 10. Ne2 Nbc6 11. f4 dxc3 12. h4 Bd7 13. h5 O-O-O 14.
Qd3 d4 15. Rb1 Kb8 16. g3 Bc8 17. Bg2 b6 18. h6 Bb7 19. h7 Rh8 20. Be4 Nf5 21.
g4 Ne3 22. Bxe3 dxe3 23. Qxc3 Rc8 24. Rh3 Qe7 25. Qxe3 Na5 26. Bxb7 Qxb7 27. c3 Nc4 28. Qg3 Qe4 29. Rd1 Rxh7 30. Rd4 Qb1+ 31. Kf2 Rxh3 32. Qxh3 Nxa3 33. Qd3 Nc2 34. Qd1 Qxd1 35. Rxd1 Na3 36. Rd7 Nb5 37. Rxf7 Nxc3 38. Nxc3 Rxc3 39. f5 Rc5 40. f6 Rxe5 41. Rg7 Rc5 42. f7 Rc8 43.
Rg8 1-0

[Event "Early-Titled-Tuesday-Blitz-February-27-2024"]
[Site "Chess.com"]
[Date "2024.02.27"]
[Round "4"]
[White "carlocapau"]
[Black "Andrey_Klymchuk"]
[Result "0-1"]
[WhiteElo "2482"]
[BlackElo "2721"]
[TimeControl "180+1"]
[EndTime "8:38:19 PST"]
[Termination "Andrey_Klymchuk won on time"]

1. d4 Nf6 2. c4 c5 3. d5 b5 4.
cxb5 a6 5. bxa6 g6 6. Nc3 Bg7 7. f4 O-O 8. Nf3 Qa5 9. Bd2 d6 10. e4 Bxa6 11. Be2 Bxe2 12. Qxe2 Qa6 13. e5 Nfd7 14.
Qe4 Nb6 15. Kf2 Nc4 16. b3 Nxd2 17. Nxd2 Nd7 18. Nc4 Nb6 19. Rhe1 Rfb8 20. Kg1 Nxc4 21. bxc4 Rb4 22. Nb5 Qa4 23. Rac1 Qxa2 24. exd6 exd6 25.
Nxd6 Rb2 26. h3 Bf8 27. Nb5 Re8 28. Qf3 Rd8 29. d6 Rd2 30. Red1 Rxd1+ 31. Qxd1 Qb2 32. Rc2 Qf6 33. Rd2 Qxf4 34. d7 Qxc4 35. Nc7 Qe4 36.
Nd5 Qe6 37. Re2 Qd6 38. Qd3 Rxd7 39. Re8 Qxd5 0-1

[Event "Early-Titled-Tuesday-Blitz-February-27-2024"]
[Site "Chess.com"]
[Date "2024.02.27"]
[Round "4"]
[White "HamedWafa4"]
[Black "ajian"]
[Result "0-1"]
[WhiteElo "2693"]
[BlackElo "2493"]
[TimeControl "180+1"]
[EndTime "8:38:19 PST"]
[Termination "ajian won by resignation"]

1. d4 d5 2. Bf4 Nf6 3. Nc3 a6 4.
e3 e6 5. g4 Bb4 6. a3 Bxc3+ 7. bxc3 c5 8. Bd3 Nc6 9. g5 Ne4 10. Bxe4 dxe4 11. dxc5 Qa5 12. Ne2 Qxc5 13. Bd6 Qxg5 14. Rg1 Qf6 15. Rb1 b5 16. Nd4 Bb7 17. a4 Rd8 18. Bf4 h6 19. axb5 axb5 20. Qh5 Rd5 21.
Qg4 O-O 22. Nxb5 e5 23. Bg3 Rfd8 24. Bh4 g5 25. Nc7 Rd2 26. Rxb7 Kh7 27. Qxe4+ Kh8 28. Kf1 gxh4 29. f4 Rd1+ 30. Kf2 R8d2+ 31. Kf3 Rxg1 32.
Nd5 Rf1+ 33. Kg4 Qg7+ 34. Kh3 Rff2 35. Qh1 Rxh2+ 36. Qxh2 Rxh2+ 37. Kxh2 Qg3+ 38. Kh1 Qf3+ 39. Kh2 Qxd5 40. Rc7 Qf3 41. Rxc6 Qxc6 0-1

[Event "Early-Titled-Tuesday-Blitz-February-27-2024"]
[Site "Chess.com"]
[Date "2024.02.27"]
[Round "4"]
[White "emeli_chess"]
[Black "ScofieldMichael01"]
[Result "1/2-1/2"]
[WhiteElo "2439"]
[BlackElo "2605"]
[TimeControl "180+1"]
[EndTime "8:38:20 PST"]
[Termination "Game drawn by repetition"]

1. d4 Nf6 2. c4 c5 3. d5 b5 4.
cxb5 a6 5. b6 e6 6. Nc3 exd5 7.
Nxd5 Nxd5 8. Qxd5 Nc6 9. Nf3 Be7 10. e4 O-O 11. Bc4 Rb8 12. O-O Rxb6 13. Ng5 Bxg5 14. Bxg5 Qc7 15. Qxc5 Rxb2 16. Rab1 Rxb1 17. Rxb1 d6 18. Qb6 Qd7 19. f3 Ne5 20. Bxa6 h6 21.
Bf4 Qa4 22. Bxc8 Rxc8 23. Bxe5 dxe5 24. Qb3 Qd4+ 25. Kh1 Rc3 26. Qd5 Qxd5 27. exd5 Rd3 28. Kg1 Rxd5 29. a4 f5 30. Rb5 Rd1+ 31. Kf2 Rd2+ 32.
Kf1 Rd1+ 33. Ke2 Ra1 34. a5 Ra2+ 35. Ke3 Rxg2 36. Rxe5 Rxh2 37. Rxf5 Ra2 38. Rb5 Kf7 39. Kf4 Kg6 40. Kg4 Ra4+ 41. f4 Ra2 42. Rb6+ Kf7 43. a6 g6 44. Rb7+ Kf6 45. Rb6+ Kf7 46. Rb7+ Kf6 47. Rb6+ Kg7 48. Rb7+ Kf6 1/2-1/2

[Event "Early-Titled-Tuesday-Blitz-February-27-2024"]
[Site "Chess.com"]
[Date "2024.02.27"]
[Round "4"]
[White "agvania123"]
[Black "rcmz"]
[Result "1-0"]
[WhiteElo "2395"]
[BlackElo "2187"]
[TimeControl "180+1"]
[EndTime "8:38:20 PST"]
[Termination "agvania123 won by resignation"]

1. e4 e6 2. b3 a6 3. Bb2 b5 4. g3 Bb7 5. Bg2 c5 6. Ne2 d6 7. O-O Nd7 8. d3 Ngf6 9. Nd2 Be7 10. h3 Qc7 11. f4 e5 12. g4 h6 13. Ng3 Rg8 14.
Nf5 Bf8 15. g5 hxg5 16. fxg5 g6 17. Ng3 Nh7 18. h4 Be7 19. Bh3 O-O-O 20. Rxf7 Kb8 21.
Rxe7 Nhf8 22. Qe2 Rh8 23. h5 gxh5 24. Rf1 Ng6 25. Rxd7 Rxd7 26. Bxd7 Qxd7 27. Nf5 h4 28. Qg4 h3 29. Nf3 c4 30. bxc4 bxc4 31. Bc3 cxd3 32.
cxd3 Ka8 33. Kh2 Rh7 34. Nh6 Nf4 35. Qxd7 Rxd7 36. Nh4 Rg7 37. g6 Nxg6 38. Nxg6 Rxg6 39. Rf8+ Ka7 40. Nf5 Kb6 41. Kxh3 Rg1 42. Nxd6 Bc6 43. Nc4+ Kc7 44. Ba5+ Kd7 45. Nxe5+ Ke7 46. Bb4+ Ke6 47.
Nxc6 1-0

[Event "Early-Titled-Tuesday-Blitz-February-27-2024"]
[Site "Chess.com"]
[Date "2024.02.27"]
[Round "4"]
[White "Balla_Tamas"]
[Black "Chess_Gainz"]
[Result "1-0"]
[WhiteElo "2409"]
[BlackElo "2527"]
[TimeControl "180+1"]
[EndTime "8:38:21 PST"]
[Termination "Balla_Tamas won on time"]

1. e4 c5 2. c3 e5 3. Nf3 Nc6 4. Bc4 Nf6 5. O-O Be7 6. d4 cxd4 7.
cxd4 exd4 8. Nxd4 O-O 9. Nc3 d6 10. Bg5 Bd7 11. Nf5 Bxf5 12. exf5 Rc8 13. Bb3 Na5 14.
Re1 Re8 15. Qf3 Nxb3 16. axb3 a6 17. Qxb7 Rb8 18. Qxa6 Rxb3 19. Qa4 Rb8 20. Rad1 h6 21. Bh4 Nd7 22. Rxe7 Rxe7 23. Nd5 f6 24. Nxe7+ Qxe7 25. Qc4+ Kf8 26. Bg3 Ne5 27. Bxe5 dxe5 28. b3 Rd8 29. Rc1 Qd7 30. h3 Qxf5 31. b4 Qd7 32. b5 Rb8 33. Rb1 Qf7 34. Qc5+ Qe7 35. Qc4 Rb6 36.
Qd3 Kf7 37. Rc1 Qd6 38. Qb3+ Qe6 39. Rc7+ 1-0

[Event "Early-Titled-Tuesday-Blitz-February-27-2024"]
[Site "Chess.com"]
[Date "2024.02.27"]
[Round "4"]
[White "Lion-Al-Messi"]
[Black "IngOscarArdila"]
[Result "1-0"]
[WhiteElo "2512"]
[BlackElo "2283"]
[TimeControl "180+1"]
[EndTime "8:38:21 PST"]
[Termination "Lion-Al-Messi won by resignation"]

1. e4 e5 2. Nf3 Nf6 3. d4 Nxe4 4. Bd3 d5 5. Nxe5 Nd7 6. Nxd7 Bxd7 7. Nc3 Nf6 8. O-O Be7 9. Re1 O-O 10. Bf4 c6 11. h3 Re8 12. Qf3 Be6 13. Re2 Qd7 14. Rae1 Rad8 15.
Be5 b5 16. Nd1 Qc8 17. Ne3 Nd7 18. Nf5 Nxe5 19. Nxe7+ Rxe7 20. Rxe5 Rde8 21. Qh5 h6 22. f4 f6 23. R5e2 Bf7 24. Qf3 Rxe2 25. Rxe2 Qd8 26. g4 Qb6 27. c3 Qa5 28. a3 Qc7 29. h4 Rxe2 30. Qxe2 Qxf4 31. Kg2 Kf8 32. Bf5 g6 33. Bd7 Qe4+ 34. Qxe4 dxe4 35. Bxc6 Ke7 36. Bxe4 Kd6 37. Kf3 g5 38. hxg5 hxg5 39. Ke3 a5 40. Bd3 Be6 41. Be2 Bd7 42. b3 Kd5 43. c4+ bxc4 44. bxc4+ Kd6 45. c5+ Kd5 46. Bf3+ Kc4 47. c6 Bc8 48. d5 Kc5 49. Ke4 Kd6 50. Kd4 f5 51. gxf5 Bxf5 52. Bg2 g4 53. Kc4 Bc8 54. Kb5 a4 55. Kxa4 Ba6 56. Ka5 Bc4 57. Kb6 Bxd5 58. Bxd5 Kxd5 59. c7 g3 60. c8=Q g2 61. Qc6+ 1-0

[Event "Early-Titled-Tuesday-Blitz-February-27-2024"]
[Site "Chess.com"]
[Date "2024.02.27"]
[Round "4"]
[White "LimeInTheCoconut"]
[Black "Pikku_Myy73"]
[Result "1-0"]
[WhiteElo "2501"]
[BlackElo "2260"]
[TimeControl "180+1"]
[EndTime "8:38:21 PST"]
[Termination "LimeInTheCoconut won on time"]

1. b3 e5 2. Bb2 Nc6 3. e3 Nf6 4. Bb5 Bd6 5. Na3 O-O 6. Nc4 Qe7 7. Nxd6 Qxd6 8. Nf3 e4 9. Nd4 Nxd4 10. Bxd4 Qd5 11.
Bc4 Qg5 12. Bf1 d5 13. Qe2 b6 14. f4 Qg6 15. Qf2 c5 16. Bb2 Re8 17. h3 d4 18.
g4 Nd5 19. O-O-O Nb4 20. f5 Qc6 21. a3 Nd5 22. exd4 e3 23. dxe3 Nxe3 24. Bd3 Nxd1 25. Rxd1 Qh6+ 26. Kb1 Qe3 27. Qxe3 Rxe3 28. dxc5 Bb7 29.
cxb6 axb6 30. Bc4 Bc6 31. Rd6 Rc8 32. Ba6 Re1+ 33. Ka2 Rc7 34. Rd8+ Be8 35. Bb5 Rce7 36. a4 1-0

[Event "Early-Titled-Tuesday-Blitz-February-27-2024"]
[Site "Chess.com"]
[Date "2024.02.27"]
[Round "4"]
[White "manitodeplomo"]
[Black "urano56"]
[Result "1/2-1/2"]
[WhiteElo "2649"]
[BlackElo "2337"]
[TimeControl "180+1"]
[EndTime "8:38:22 PST"]
[Termination "Game drawn by repetition"]

1. d4 d5 2. c4 e6 3. Nf3 c6 4. Bg5 Qb6 5. Qc2 c5 6. e3 Nc6 7.
Nc3 cxd4 8. exd4 dxc4 9. Bxc4 Be7 10. O-O-O Bxg5+ 11. Nxg5 h6 12. Nge4 Nb4 13. Qb3 Bd7 14. Nc5 Bc6 15. N3a4 Qa5 16. Nc3 Ne7 17. Rhe1 O-O-O 18. Re5 Nbd5 19. g3 Qc7 20. Kb1 Nxc3+ 21. bxc3 Nd5 22. Ka1 Nb6 23. Bb5 Bd5 24. c4 Bc6 25.
Rb1 Bxb5 26. Qxb5 Rxd4 27. Re3 Rhd8 28. Rc3 Rd1 29. Nb3 Rxb1+ 30. Kxb1 Rd1+ 31. Kc2 Rf1 32. c5 Rxf2+ 33. Kb1 Nd5 34. Rc2 Rxc2 35. Kxc2 Qe5 36.
Qe8+ Kc7 37. Qxf7+ Kc8 38. Qe8+ Kc7 39. Qf7+ Kc8 40.
Qe8+ Kc7 41. Qf7+ 1/2-1/2

[Event "Early-Titled-Tuesday-Blitz-February-27-2024"]
[Site "Chess.com"]
[Date "2024.02.27"]
[Round "4"]
[White "Sam_ChessMood"]
[Black "NastyaHn"]
[Result "1-0"]
[WhiteElo "2943"]
[BlackElo "2453"]
[TimeControl "180+1"]
[EndTime "8:38:24 PST"]
[Termination "Sam_ChessMood won on time"]

1. d4 e6 2. c4 d5 3. Nf3 Nf6 4. Nc3 Be7 5. Bf4 O-O 6. e3 Nbd7 7. cxd5 exd5 8. h3 c6 9. Bd3 Re8 10. Qc2 Nf8 11. O-O Bd6 12. Bxd6 Qxd6 13. Rab1 Bd7 14. b4 Rac8 15. a4 a6 16. Qb3 Ng6 17. Rfe1 Ne4 18. Bxe4 dxe4 19. Ng5 Be6 20. Ngxe4 Qd8 21. Qd1 b6 22. Ng3 Nh4 23. Qh5 g6 24. Qh6 Nf5 25. Nxf5 Bxf5 26. Rb2 c5 27. bxc5 bxc5 28. d5 Qf6 29. Rc1 Red8 30. Qf4 Qg7 31. Rb6 Bd3 32. a5 Qf8 33. h4 Qe7 34. h5 gxh5 35. e4 Kh8 36. Rc6 c4 37. Rxc8 Rxc8 38. d6 Qe6 39. e5 Rg8 40. Re1 Qg6 41. g3 Qe6 42. Qf6+ Qxf6 43.
exf6 Rd8 44. d7 1-0

[Event "Early-Titled-Tuesday-Blitz-February-27-2024"]
[Site "Chess.com"]
[Date "2024.02.27"]
[Round "4"]
[White "chipmunknau"]
[Black "ChessLover0108"]
[Result "0-1"]
[WhiteElo "2729"]
[BlackElo "2969"]
[TimeControl "180+1"]
[EndTime "8:38:26 PST"]
[Termination "ChessLover0108 won on time"]

1. Nf3 c5 2. c4 g6 3. g3 Bg7 4.
Bg2 Nc6 5. O-O e6 6. e3 Nge7 7. d4 cxd4 8. Nxd4 d5 9. cxd5 exd5 10. Nb3 a5 11. a4 O-O 12. Nc3 Nb4 13. Nd4 Qb6 14.
Ncb5 Nec6 15. Bd2 h5 16. Bc3 Bg4 17. Qb3 Rfd8 18. h3 Bd7 19. Rfd1 Rac8 20. Nd6 Nxd4 21. Nxc8 Ne2+ 22. Kf1 Qa6 23. Ne7+ Kh7 24. Ke1 Nxc3 25.
bxc3 Nd3+ 26. Kd2 Nxf2 27. Nxd5 Be6 28. Kc2 Nxd1 29. Rxd1 Qe2+ 30. Rd2 Qe1 31. e4 Qxg3 32. Qxb7 Bxd5 33. exd5 Qxc3+ 34. Kd1 Kg8 35. Qe7 Rb8 36. Ke2 Bh6 37. Rd1 Rb2+ 38. Kf1 Qc2 0-1

[Event "Early-Titled-Tuesday-Blitz-February-27-2024"]
[Site "Chess.com"]
[Date "2024.02.27"]
[Round "4"]
[White "LikeWater"]
[Black "secrethawk1"]
[Result "1-0"]
[WhiteElo "2725"]
[BlackElo "2506"]
[TimeControl "180+1"]
[EndTime "8:38:26 PST"]
[Termination "LikeWater won on time"]

1. e4 c6 2. Nf3 d5 3. d3 g6 4. Nbd2 Bg7 5. Be2 e5 6. O-O Ne7 7. b4 a5 8. bxa5 Qxa5 9. Bb2 d4 10. Nc4 Qc7 11. a4 Be6 12. Nfd2 b5 13. axb5 Rxa1 14. Qxa1 cxb5 15. Na3 O-O 16. Nxb5 Qxc2 17. Rd1 Nd7 18.
Ba3 Ra8 19. Qc1 Qa4 20. Bxe7 Qxb5 21. Nf3 Qa4 22. h3 Qa6 23. Qd2 Rc8 24. Bh4 Qa2 25. Bg3 Rc2 26. Qb4 Rxe2 27. Qe7 Bf8 28. Qd8 Qb3 29.
Rf1 Qxd3 30. Nxe5 Nf6 31. Qxf6 Qxe4 32. Nf3 d3 33. Ng5 Qf5 34. Qd8 h6 35. Nf3 d2 36.
Bd6 1-0

[Event "Early-Titled-Tuesday-Blitz-February-27-2024"]
[Site "Chess.com"]
[Date "2024.02.27"]
[Round "4"]
[White "Aygehovit1992"]
[Black "JERO-8914"]
[Result "1/2-1/2"]
[WhiteElo "2672"]
[BlackElo "2455"]
[TimeControl "180+1"]
[EndTime "8:38:26 PST"]
[Termination "Game drawn - insufficient material"]

1. e4 c6 2. d4 d5 3. e5 Bf5 4. Nf3 e6 5. Be2 Nd7 6. O-O Ne7 7. Nbd2 h6 8. Nb3 c5 9. c4 dxc4 10. Bxc4 Nc6 11. d5 Nb6 12. dxc6 Nxc4 13. cxb7 Rb8 14. Qxd8+ Kxd8 15. Rd1+ Kc7 16. Bd2 Nxb2 17. Ba5+ Kxb7 18. Rd7+ Ka6 19. Rxf7 c4 20. Bc3 Na4 21. Bd4 Nb6 22.
Nbd2 g5 23. Bxb6 axb6 24. Nxc4 Bc5 25. Nd6 Rhf8 26. Rxf8 Rxf8 27. Nxf5 Rxf5 28. h3 h5 29. Rf1 g4 30. hxg4 hxg4 31. Nh4 Rxe5 32. Kh2 Bd6 33. g3 Re2 34. a4 Bc5 35. Kg2 Ka5 36. Ng6 Kxa4 37. Nf4 Ra2 38. Nxe6 Kb5 39. Ng5 Kc6 40. Ne4 Re2 41. Nxc5 bxc5 42. Rc1 Rd2 43. Rc4 Rd4 44. Rc2 Kd5 45. f3 gxf3+ 46. Kxf3 c4 47. g4 Rd1 48. g5 Rg1 49. Kf4 Kd4 50. Rd2+ Kc3 51. Rd6 Kc2 52. g6 c3 53. Kf5 Kc1 54.
Kf6 c2 55. g7 Rxg7 56. Kxg7 Kb1 57. Rb6+ Ka2 58. Rc6 Kb1 59. Kf6 c1=Q 60. Rxc1+ Kxc1 1/2-1/2

[Event "Early-Titled-Tuesday-Blitz-February-27-2024"]
[Site "Chess.com"]
[Date "2024.02.27"]
[Round "4"]
[White "Licancabur"]
[Black "Grandmaster1369"]
[Result "1-0"]
[WhiteElo "2467"]
[BlackElo "2762"]
[TimeControl "180+1"]
[EndTime "8:38:26 PST"]
[Termination "Licancabur won on time"]

1. d4 Nf6 2. Bg5 d5 3. e3 c5 4.
Bxf6 gxf6 5. dxc5 e6 6. Nf3 Bxc5 7. c4 dxc4 8. Qa4+ Nc6 9. Bxc4 a6 10. Nc3 f5 11. O-O O-O 12. Be2 Qf6 13. Rad1 Bb6 14. a3 Bc7 15. g3 Rb8 16. Qc4 Rd8 17. Rxd8+ Bxd8 18. Rd1 Qe7 19. Qf4 Bd7 20. Ne5 Nxe5 21. Qxe5 Rc8 22. Bf3 Bc7 23. Qd4 Be8 24. Bxb7 Rb8 25.
Bxa6 Bb6 26. Qd6 Qa7 27. Bb5 Bc5 28. Qa6 Qxa6 29. Bxa6 Rxb2 30. Rd8 Kf8 31. Bb5 Rxb5 32. Nxb5 Ke7 33. Rb8 Bc6 34. a4 Bd5 35. a5 Kd7 36. a6 Kc6 37. a7 1-0

[Event "Early-Titled-Tuesday-Blitz-February-27-2024"]
[Site "Chess.com"]
[Date "2024.02.27"]
[Round "4"]
[White "Alexchess1984"]
[Black "GreenPeach24"]
[Result "0-1"]
[WhiteElo "2741"]
[BlackElo "2462"]
[TimeControl "180+1"]
[EndTime "8:38:26 PST"]
[Termination "GreenPeach24 won by resignation"]

1. e4 c6 2. d4 d5 3. e5 Bf5 4.
Nf3 e6 5. Be2 h6 6. Be3 Ne7 7.
O-O Nd7 8. a4 Bh7 9. a5 Nf5 10.
Bd2 g5 11. h3 Rg8 12. c4 dxc4 13. Bxc4 g4 14. hxg4 Rxg4 15. Bc3 Nh4 16. Nxh4 Qxh4 17. f3 Rg8 18. Qe2 Bf5 19. Be1 Qxd4+ 20. Bf2 Qf4 21.
Be3 Qxe5 22. Nc3 Bc5 23. Bxc5 Qxc5+ 24. Rf2 Ne5 25. Ra4 Rd8 26. Ne4 Bxe4 27. fxe4 Rd4 28. Bb3 Rxa4 29. Bxa4 Ng4 30. b4 Qxf2+ 31. Qxf2 Nxf2 32.
Kxf2 Ke7 33. Ke3 e5 34. Kf3 Rd8 35. Bb3 Rd4 36. Bc2 Rxb4 37. Kg4 Kf6 38. Kh5 Kg7 39. g4 Rb5 40. g5 hxg5 41. Kxg5 Rxa5 42. Kf5 Rc5 43. Bb3 a5 44. Kg5 b5 0-1

[Event "Early-Titled-Tuesday-Blitz-February-27-2024"]
[Site "Chess.com"]
[Date "2024.02.27"]
[Round "4"]
[White "Yeritsyaan"]
[Black "KhazhatulyAlikhan"]
[Result "1-0"]
[WhiteElo "2602"]
[BlackElo "2419"]
[TimeControl "180+1"]
[EndTime "8:38:26 PST"]
[Termination "Yeritsyaan won by resignation"]

1. d4 d5 2. Nf3 Nf6 3. Bf4 e6 4.
e3 Bd6 5. Nc3 O-O 6. Ne5 c5 7.
g4 cxd4 8. exd4 Bb4 9. Bd3 Ne4 10. Qf3 Nxc3 11. Bd2 Nxa2 12. c3 Nxc3 13. bxc3 Bd6 14.
Qh3 f5 15. Bf4 Nc6 16. Rg1 Qc7 17. gxf5 exf5 18. Bh6 Bxe5 19. dxe5 Qxe5+ 20. Kf1 g6 21. Bxf8 Kxf8 22. Qxh7 Ne7 23. Re1 Qf6 24. Qh6+ Kf7 25. Bb5 Be6 26. Rg3 Rh8 27. Qf4 Rxh2 28. Rge3 a6 29.
Rxe6 Rh1+ 30. Kg2 Rxe1 31. Rxf6+ Kxf6 32. Bd3 Re6 33. Qd4+ Kf7 34. c4 Rd6 35. Be2 b5 36. c5 Rc6 37. Bf3 Ke6 38. Kg3 Rc7 39. Kf4 Rc6 40.
Kg5 Kd7 41. Bxd5 Nxd5 42. Qxd5+ Kc7 43. Kh6 a5 44. Kg7 a4 45. Kf7 a3 46. Ke7 a2 47.
Qxa2 Rxc5 48. Qa7+ Kc6 49. Ke6 b4 50. Qa6+ Kc7 51.
Qd6+ Kc8 52. Qxc5+ 1-0

[Event "Early-Titled-Tuesday-Blitz-February-27-2024"]
[Site "Chess.com"]
[Date "2024.02.27"]
[Round "4"]
[White "ValentinDragnev"]
[Black "RedFirePanda"]
[Result "1-0"]
[WhiteElo "2751"]
[BlackElo "2545"]
[TimeControl "180+1"]
[EndTime "8:38:27 PST"]
[Termination "ValentinDragnev won by checkmate"]

1. c4 Nf6 2. g3 e6 3. Bg2 c6 4.
b3 d5 5. e3 Be7 6. Bb2 O-O 7.
Nf3 Nbd7 8. O-O Re8 9. Nc3 Bd6 10. d4 Qe7 11. Qc2 Ba3 12. Rad1 Bxb2 13. Qxb2 a5 14. Rfe1 b6 15. e4 dxe4 16. Ne5 Bb7 17. Nxe4 Nxe5 18. Nxf6+ Qxf6 19. dxe5 Qe7 20. Rd6 Rac8 21.
Red1 Qg5 22. h4 Qf5 23. c5 bxc5 24. Qc3 g6 25. Qxc5 Ra8 26. R6d4 Rec8 27. Rf4 Qh5 28. Rd7 Ba6 29. Rfxf7 Rd8 30. Rg7+ Kh8 31. Rxh7+ Qxh7 32.
Rxh7+ Kxh7 33. Qe7+ Kh6 34. Qg5+ Kg7 35. h5 Bd3 36. hxg6 Bf5 37. Qf6+ Kh6 38. g7+ Kh7 39. g4 Bg6 40. Qxe6 Kxg7 41. Qf6+ Kh7 42. Qe7+ Kh6 43.
g5+ Kh5 44. Bf3+ Kh4 45. Qe6 Rd3 46. Qg4# 1-0